 Dungeon Crawl Stone Soup version 0.30.1-11-g7821555f0a (webtiles) character file.

Game seed: 7476628450248647285

216711 Pooter the Severer (level 18, -14/169 HPs)
             Began as a Minotaur Berserker on Dec 16, 2023.
             Was a High Priest of Trog.
             Demolished by a faun
             ... wielding a +0 spear
             ... led by a satyr
              (28 damage)
             ... on level 1 of the Shoals on Dec 17, 2023.
             The game lasted 03:49:24 (61747 turns).

Pooter the Severer (Minotaur Berserker)            Turns: 61747, Time: 03:49:24

Health: -14/169    AC: 34    Str: 36    XL:     18   Next: 36%
Magic:  17/17      EV: 14    Int:  8    God:    Trog [*****.]
Gold:   1169       SH:  5    Dex:  7    Spells: 17/17 levels left

rFire   + . .        a - +2 battleaxe (heavy)
rCold   + . .        (shield currently unavailable)
rNeg    . . .        K - +6 gold dragon scales of the Aged Planets {rPois rF+ rC+ Str+9 Dex-4}
rPois   +            (helmet restricted)
rElec   .            (no cloak)
rCorr   .            l - +2 pair of gloves
SInv    .            w - +1 pair of boots
Will    ++++.        h - amulet of reflection Stlth
                     U - ring of flight
HPRegen 1.48/turn    p - +5 ring of evasion
MPRegen 0.15/turn

%: reflection
@: strong-willed, flying, regenerating
A: horns 2, retaliatory headbutt, clever 1, strong-willed 1
}: 1/15 runes: serpentine
a: Renounce Religion, Berserk, Trog's Hand, Brothers in Arms


You were on level 1 of the Shoals.
You worshipped Trog.
Trog was extremely pleased with you.
You visited 6 branches of the dungeon, and saw 30 of its levels.

You collected 3675 gold pieces.
You spent 2506 gold pieces at shops.

Inventory:

Hand Weapons
 a - a +2 heavy battleaxe (weapon)
   (You bought it in a shop on level 2 of the Orcish Mines)
 b - a +0 heavy longbow
   (You bought it in a shop on level 6 of the Dungeon)
 u - a +1 vampiric broad axe
   (You found it on level 5 of the Dungeon)
 z - the +6 war axe "Kagopn" {flame, Str+4}
   (You bought it in a shop on level 2 of the Orcish Mines)

   Str:       It affects your strength (+4).
 E - a +2 dire flail of holy wrath
   (You took it off a naga ritualist on level 1 of the Snake Pit)
 X - a +1 eveningstar of protection
   (You took it off Urug on level 1 of the Orcish Mines)
Missiles
 C - 25 boomerangs (quivered)
 J - 8 datura-tipped darts
 M - 8 curare-tipped darts
 Q - 14 javelins
 V - 9 silver javelins
Armour
 l - a +2 pair of gloves (worn)
   (You found it on level 4 of the Snake Pit)
 w - a +1 pair of boots (worn)
   (You found it on level 4 of the Dungeon)
 K - the +6 gold dragon scales of the Aged Planets (worn) {rPois rF+ rC+ Str+9 Dex-4}
   (You found it on level 7 of the Dungeon)

   Str:       It affects your strength (+9).
   Dex:       It affects your dexterity (-4).
   rF:        It protects you from fire.
   rC:        It protects you from cold.
   rPois:     It protects you from poison.
Jewellery
 e - an amulet of regeneration
   (You bought it in a shop on level 1 of the Elven Halls)
 h - an amulet of reflection (around neck)
   (You found it on level 2 of the Elven Halls)
 p - a +5 ring of evasion (right hand)
   (You found it on level 3 of the Dungeon)
 v - a ring of ice
   (You found it on level 4 of the Dungeon)
 F - a ring of protection from fire
   (You bought it in a shop on level 1 of the Dungeon)
 I - a +6 ring of intelligence
   (You found it on level 13 of the Dungeon)
 S - a ring of see invisible
   (You found it on level 3 of the Dungeon)
 U - a ring of flight (left hand)
   (You bought it in a shop on level 1 of the Dungeon)
 Y - a +6 ring of dexterity
   (You found it on level 13 of the Dungeon)
Wands
 c - a wand of charming (28)
   (You found it on level 3 of the Lair of Beasts)
 d - a wand of iceblast (14)
   (You found it on level 14 of the Dungeon)
 f - a wand of flame (27)
   (You found it on level 6 of the Dungeon)
 q - a wand of polymorph (10)
   (You found it on level 3 of the Dungeon)
 x - a wand of acid (6)
   (You found it on level 6 of the Dungeon)
 D - a wand of digging (18)
   (You found it on level 3 of the Dungeon)
Scrolls
 i - 11 scrolls of identify {@r1}
 m - 5 scrolls of magic mapping
 n - a scroll of silence
 r - 4 scrolls of fear
 t - 5 scrolls of teleportation {@r4}
 y - 4 scrolls of fog
 B - 3 scrolls of summoning
 G - 3 scrolls of brand weapon
 L - 3 scrolls of immolation {!r}
 P - a scroll of enchant armour
 Z - 5 scrolls of poison
Potions
 g - 20 potions of curing {@q1}
 j - 6 potions of heal wounds {@q2}
 k - 5 potions of cancellation
 o - 5 potions of lignification {!q}
 s - 5 potions of invisibility
 A - 7 potions of attraction {!q}
 H - 5 potions of haste {@q3}
 R - a potion of might
 T - 4 potions of resistance
 W - 4 potions of flight
Miscellaneous
 N - a phantom mirror
   (You found it on level 9 of the Dungeon)
 O - a tin of tremorstones (2/2)
   (You found it on level 2 of the Lair of Beasts)


   Skills:
 + Level 17.1 Fighting
 - Level 20.0 Axes
 - Level 18.0 Ranged Weapons
 - Level 8.0 Throwing
 * Level 17.4 Armour
 + Level 5.7 Dodging
 + Level 6.4 Stealth
 + Level 8.8 Evocations


You had 17 spell levels left.
You didn't know any spells.
Your spell library was empty.

Dungeon Overview and Level Annotations

Branches:
Dungeon (15/15) Zot: 24172  Temple (0/1) D:4            Lair (5/5) D:10 Zot: 18173
 Shoals (1/4) Lair:2 Zot: 4724   Snake (4/4) Lair:3 Zot: 9953   Slime (0/5) Lair:4
    Orc (2/2) D:12 Zot: 5088     Elf (3/3) Orc:2 Zot: 11180  Vaults (0/5) D:13
 Depths (0/4) D:15

Altars:
Ashenzari
Dithmenos
Elyvilon
Fedhas
Gozag
Makhleb
Okawaru
Qazlal
Sif Muna
Vehumet
Xom
Yredelemnul
The Shining One
Jiyva

Shops:
D:1 !!=   D:3 ?   D:6 (   D:9 *   D:13 =   Orc:2 ([!*   Elf:1 *:=:   Elf:2 *
Snake:2 =!

Annotations:
D:7 3 runed translucent doors, Marethyu's ghost, novice HOHu
D:12 2 transporters, bnorton916's ghost, journeyman DECj
Shoals:1 3 runed translucent doors, turdburglar's ghost, adept MiFi
Elf:2 3 runed translucent doors


Innate Abilities, Weirdness & Mutations

You have a pair of horns on your head.
You reflexively headbutt those who attack you in melee.
Your mind is acute. (Int +4, Str/Dex -1)
You are strong-willed. (Will+)


Message History

You slice the faun!!
The faun unwields a +0 spear.
The faun wields a +1 sling of flaming.
It bursts into flame!
The faun shoots a sling bullet.
You block the sling bullet with an invisible shield... and reflect it back!
The sling bullet misses the faun.
The sling bullet closely misses the faun.
The faun hits you but does no damage.
You carve the faun like a ham!!!!
You kill the faun!
Trog accepts your kill.
Trog appreciates your killing of a magic user.
You slice the faun!!
You kill the faun!
Trog accepts your kill.
Trog appreciates your killing of a magic user.
The faun shoots a sling bullet.
The sling bullet misses you.
The faun shoots a sling bullet.
The sling bullet hits you but does no damage.
The faun unwields a +0 sling.
The faun wields a +0 spear.
The faun barely misses you. You furiously retaliate!
You headbutt the faun!!
You kill the faun!
Trog accepts your kill.
Trog appreciates your killing of a magic user.
The faun unwields a +0 club.
The faun wields a +0 sling.
The faun shoots a sling bullet.
The sling bullet hits you!
* * * LOW HITPOINT WARNING * * *
Things that are here:
a +0 quarterstaff; a +0 sling The eleionoma flows through the trees.
The faun unwields a +1 sling of flaming.
It stops flaming.
The faun wields a +0 spear.
The faun hits you with a +0 spear!!
* * * LOW HITPOINT WARNING * * *
The faun unwields a +0 sling.
The faun wields a +0 club.
The faun closely misses you.
Items here: )))) †.
You slice the faun!! You cut the faun into ribbons!!!
You feel your willpower return. The faun hits you with a +0 club!
* * * LOW HITPOINT WARNING * * *
You slash the eleionoma! Your headbutt misses the eleionoma. You hit the faun.
You kill the faun!
Trog accepts your kill.
Trog appreciates your killing of a magic user.
The faun hits you from afar with a +0 spear!!
* * * LOW HITPOINT WARNING * * *
You slice the eleionoma!!
The eleionoma hits you but does no damage.
The faun hits you from afar with a +0 spear!!
You die...

≈≈≈≈≈≈≈≈≈≈≈≈≈≈≈≈≈≈≈≈≈≈≈≈≈≈≈≈≈≈≈≈≈
≈≈~~~~~≈≈≈≈≈≈≈≈≈≈≈≈≈≈≈≈≈≈≈≈≈≈≈≈≈≈
~~~~~~~~~~≈≈≈≈≈≈≈≈≈≈≈≈≈≈≈≈≈≈≈≈≈≈≈
~~~~~~~~~~~~≈≈~~~~~~~~~~~~≈≈≈≈≈≈≈
~~..~...~~~~~~~~~~.......~~≈≈≈≈≈≈
.......≈≈≈≈≈≈≈##.##≈≈≈≈..~~~≈≈≈≈≈
...~..≈≈#########.####≈≈..~~≈≈≈≈≈
##...#≈## ####.###♣##≈≈≈~~≈≈≈≈≈
###...≈# ..♣$.)@≈)...###≈~~≈≈≈≈≈
###...≈# ......)R))...# #≈~~≈≈≈≈≈
.##...≈# ........c.....##≈≈≈≈≈≈≈≈
~###.~≈###~≈.♣.♣♣.....≈≈#≈≈≈≈≈≈≈≈
.(..~~≈≈#..≈≈≈♣ ♣♣♣.≈≈≈≈#≈≈≈≈≈≈≈≈
.†.~~~≈≈#~≈≈≈≈ ~≈≈≈≈#≈≈≈≈≈≈≈≈
...~~~≈≈#~≈≈≈≈ ~≈≈≈≈#≈≈≈≈≈≈≈≈
......≈≈# ≈≈≈ ~≈≈≈≈#≈≈≈≈≈≈≈≈
~~~...≈≈# .≈≈###≈~≈≈≈≈≈


You could see an eleionoma and a faun (strong).

Vanquished Creatures
  Saint Roka (Orc:2)
  Jorgrun (D:14)
  The ghost of kaesle the Cleaver, a journeyman HOFi of Yredelemnul (Orc:2)
  7 nagarajas
  Aizul (Snake:3)
  An orc warlord (Orc:1)
  A deep elf elementalist (Elf:2)
  A stone giant (D:15)
  A deep elf demonologist (Elf:3)
  An eleionoma (Shoals:1)
  Azrael (Orc:2)
  An ettin (D:12)
  A merfolk impaler (Shoals:1)
  A fire dragon (Lair:5)
  Harold (D:11)
  Erolcha (D:10)
  4 hydras
  A catoblepas (D:15)
  13 anacondas
  3 salamander tyrants (Snake:4)
  A death knight (D:14)
  A merfolk avatar (Shoals:1)
  2 two-headed ogres (D:9)
  5 boulder beetles
  16 dancing weapons
  14 naga warriors
  9 centaur warriors
  A satyr (Shoals:1)
  5 tengu warriors
  13 death yaks
  Urug (Orc:1)
  An orc high priest (Elf:2)
  9 shock serpents
  16 naga sharpshooters
  8 deep elf knights
  A skyshark (Shoals:1)
  5 sea snakes (Shoals:1)
  2 skeletal warriors (D:14)
  3 salamander mystics
  9 naga ritualists
  12 deep elf archers
  An orc knight (Orc:2)
  A harpy (shapeshifter) (Elf:2)
  A necromancer (D:13)
  4 lindwurms
  19 deep elf zephyrmancers
  11 mana vipers
  An orc sorcerer (Orc:2)
  20 deep elf pyromancers
  4 oklob plants
  5 manticores
  10 salamanders
  28 ugly things
  6 fauns (Shoals:1)
  5 cyclopes
  8 elephants
  46 black mambas
  5 torpor snails (Lair:5)
  3 water nymphs (Shoals:1)
  2 merfolk sirens (Shoals:1)
  3 guardian serpents
  Joseph (D:7)
  13 naga magi
  3 gargoyles
  7 cane toads
  An unseen horror (D:12)
  A rime drake (Lair:4)
  A yaktaur (D:15)
  Psyche (D:7)
  2 kobold demonologists
  An efreet (D:15)
  2 tengu conjurers (D:15)
  A freezing wraith (D:14)
  8 komodo dragons
  4 trolls
  5 merfolk (Shoals:1)
  7 hornets
  A polar bear (Lair:5)
  A wind drake (Shoals:1)
  A polar bear (shapeshifter) (D:15)
  17 blink frogs
  3 tyrant leeches (Lair:5)
  Grinder (D:4)
  2 snapping turtles (Shoals:1)
  4 dream sheep (Shoals:1)
  5 slime creatures (D:14)
  3 shadows
  3 wyverns
  A spriggan (shapeshifter) (Elf:3)
  48 yaks
  An air elemental (Elf:3)
  3 fire elementals
  3 water elementals
  3 wraiths
  A human (shapeshifter) (D:13)
  7 vampire mosquitoes
  2 steam dragons
  A basilisk (D:11)
  4 wargs
  59 nagas
  Duvessa (D:5)
  An acid dragon (D:10)
  18 water moccasins
  A swamp drake (D:10)
  A sky beast (D:8)
  39 orc warriors
  2 hell hounds (Orc:2)
  2 black bears
  4 ogres
  16 centaurs
  3 wolves (Lair:3)
  2 phantoms (D:5)
  4 kobold brigands
  8 bullfrogs
  A gnoll sergeant (D:11)
  A scorpion (D:5)
  4 earth elementals
  3 wights (D:8)
  9 killer bees
  Dowan (D:5)
  4 howler monkeys
  An electric eel (Lair:1)
  2 hounds
  14 orc priests
  4 jellies
  2 gnoll boudas
  2 sleepcaps
  Jessica (D:3)
  7 iguanas
  16 orc wizards
  A statue (D:4)
  16 gnolls
  6 adders
  A shadow imp (D:6)
  4 white imps
  An ufetubus (D:6)
  2 dart slugs
  72 orcs
  7 ball pythons
  3 bats
  8 endoplasms
  3 giant cockroaches
  9 goblins
  9 hobgoblins
  2 jackals (D:1)
  17 kobolds
  2 quokkas
  A frilled lizard (D:2)
  3 rats
933 creatures vanquished.

Vanquished Creatures (collateral kills)
  A naga warrior (Snake:2)
  2 salamanders (Snake:2)
  A naga mage (Snake:2)
4 creatures vanquished.

Vanquished Creatures (others)
  A black mamba (Snake:3)
  A centaur (Shoals:1)
2 creatures vanquished.

Grand Total: 939 creatures vanquished

Notes
Turn   | Place    | Note
-------+----------+-------------------------------------------
     0 | D:1      | Pooter the Minotaur Berserker began the quest for the Orb.
     0 | D:1      | Reached XP level 1. HP: 19/19 MP: 0/0
    55 | D:1      | Found Nucat's Distillery.
   106 | D:1      | Bought a potion of degeneration for 13 gold pieces
   146 | D:1      | Reached skill level 4 in Axes
   167 | D:1      | Found Ikio's Jewellery Boutique.
   195 | D:1      | Reached XP level 2. HP: 21/27 MP: 1/1
   475 | D:1      | Reached skill level 1 in Stealth
   633 | D:1      | Reached XP level 3. HP: 30/33 MP: 2/2
   658 | D:1      | Reached ** piety under Trog
   805 | D:1      | Found Gaetoiga's Distillery.
   813 | D:1      | Bought a potion of curing for 36 gold pieces
  1137 | D:2      | Reached XP level 4. HP: 39/40 MP: 3/3
  1230 | D:3      | Reached skill level 5 in Axes
  1272 | D:3      | Reached XP level 5. HP: 33/47 MP: 4/4
  1344 | D:3      | Found Cosamolla's Magic Scroll Boutique.
  1347 | D:3      | Bought a scroll of identify for 20 gold pieces
  1416 | D:3      | Found a faded altar of an unknown god.
  1524 | D:3      | Noticed Jessica
  1538 | D:3      | Killed Jessica
  2134 | D:4      | Noticed Grinder
  2156 | D:4      | Killed Grinder
  2157 | D:4      | Reached skill level 5 in Fighting
  2157 | D:4      | Reached skill level 6 in Axes
  2157 | D:4      | Reached skill level 1 in Ranged Weapons
  2157 | D:4      | Reached XP level 6. HP: 31/56 MP: 5/5
  2259 | D:4      | Found a staircase to the Ecumenical Temple.
  2514 | D:1      | Bought a potion of invisibility for 96 gold pieces
  3195 | D:4      | Reached XP level 7. HP: 61/61 MP: 6/6
  3308 | D:4      | Found a radiant altar of Vehumet.
  3314 | D:4      | Reached skill level 7 in Axes
  3391 | D:5      | Entered Level 5 of the Dungeon
  3482 | D:5      | Noticed Duvessa
  3638 | D:5      | Noticed Dowan
  3643 | D:5      | Killed Duvessa
  3710 | D:5      | Killed Dowan
  4008 | D:5      | Reached XP level 8. HP: 70/70 MP: 7/7
  4323 | D:5      | Noticed a hornet
  4329 | D:5      | Reached skill level 8 in Axes
  4329 | D:5      | Paralysed by a hornet for 2 turns
  4333 | D:5      | Killed a hornet
  4337 | D:5      | Reached skill level 5 in Ranged Weapons
  4687 | D:3      | Bought a scroll of summoning for 95 gold pieces
  4862 | D:6      | Reached skill level 9 in Axes
  5011 | D:6      | Found a glowing golden altar of the Shining One.
  5309 | D:6      | Reached XP level 9. HP: 79/79 MP: 8/8
  5401 | D:6      | Found a broken altar of Ashenzari.
  5403 | D:6      | Found a stormy altar of Qazlal.
  5504 | D:6      | Found Ywac's Antique Weapon Boutique.
  5529 | D:6      | Bought a longbow for 149 gold pieces
  5542 | D:6      | Identified the +3 hand axe of Doom {drain, rN+}
  5649 | D:6      | Found a burning altar of Makhleb.
  5651 | D:6      | Found a basalt altar of Yredelemnul.
  5917 | D:7      | Found an iron altar of Okawaru.
  5949 | D:7      | Identified the +6 gold dragon scales of the Aged Planets
                  | {rPois rF+ rC+ Str+9 Dex-4}
  6072 | D:7      | Reached skill level 10 in Axes
  6201 | D:7      | Reached *** piety under Trog
  6234 | D:7      | Noticed Joseph
  6455 | D:7      | Killed Joseph
  6536 | D:7      | Found a runed translucent gate.
  6536 | D:7      | Found a runed translucent gate.
  6536 | D:7      | Found a runed translucent gate.
  6538 | D:7      | Found an opulent altar of Gozag.
  6540 | D:7      | Noticed Marethyu's ghost (novice HOHu)
  6885 | D:8      | Noticed Psyche
  6891 | D:7      | Reached skill level 11 in Axes
  6915 | D:7      | Killed Psyche
  6973 | D:8      | Reached XP level 10. HP: 90/90 MP: 9/9
  7465 | D:8      | Found a shadowy altar of Dithmenos.
  8125 | D:9      | Found Eloanit's Assorted Antiques.
  8193 | D:9      | Noticed a two-headed ogre
  8199 | D:9      | Killed a two-headed ogre
  8200 | D:9      | Reached skill level 12 in Axes
  8467 | D:9      | Noticed a gargoyle
  8469 | D:9      | Killed a gargoyle
  8555 | D:9      | Noticed a two-headed ogre
  8563 | D:9      | Killed a two-headed ogre
  8564 | D:9      | Reached skill level 10 in Ranged Weapons
  8655 | D:9      | Reached skill level 13 in Axes
  9135 | D:10     | Entered Level 10 of the Dungeon
 10090 | D:10     | Found a staircase to the Lair.
 10091 | D:10     | Noticed an oklob plant
 10098 | D:10     | Killed an oklob plant
 10099 | D:10     | Reached XP level 11. HP: 99/99 MP: 10/10
 10147 | D:10     | Noticed Erolcha
 10155 | D:10     | Killed Erolcha
 10156 | D:10     | Reached skill level 1 in Evocations
 10239 | D:10     | Noticed a boulder beetle
 10253 | D:10     | Killed a boulder beetle
 10312 | D:10     | Reached skill level 10 in Fighting
 10726 | Lair:1   | Entered Level 1 of the Lair of Beasts
 11032 | Lair:1   | Noticed an oklob plant
 11060 | Lair:1   | Reached skill level 14 in Axes
 11104 | Lair:1   | Killed an oklob plant
 11422 | D:1      | Bought a ring of protection from fire for 275 gold pieces
 11909 | Lair:1   | Reached XP level 12. HP: 105/108 MP: 11/11
 12101 | Lair:1   | Reached skill level 15 in Axes
 13649 | Lair:2   | Noticed a boulder beetle
 14063 | Lair:2   | Found a staircase to the Shoals.
 14139 | Lair:2   | Killed a boulder beetle
 14595 | Lair:3   | Reached skill level 5 in Evocations
 14771 | Lair:3   | Reached skill level 16 in Axes
 14780 | Lair:3   | Reached **** piety under Trog
 14961 | Lair:3   | Noticed a death yak
 14966 | Lair:3   | Noticed a death yak
 14967 | Lair:3   | Noticed a death yak
 14995 | Lair:2   | HP: 3/168 [death yak (35)]
 14997 | Lair:2   | Killed a death yak
 15377 | Lair:3   | Noticed a death yak
 15377 | Lair:3   | Noticed a death yak
 15384 | Lair:2   | Killed a death yak
 15385 | Lair:2   | Reached XP level 13. HP: 117/117 MP: 12/12
 15801 | Lair:3   | Found a staircase to the Snake Pit.
 17305 | Lair:3   | Reached skill level 5 in Armour
 18152 | D:1      | Bought a ring of flight for 192 gold pieces
 18851 | Lair:4   | Found a viscous altar of Jiyva.
 18854 | Lair:4   | Found a staircase to the Slime Pits.
 19362 | Lair:5   | Entered Level 5 of the Lair of Beasts
 20270 | Lair:5   | Reached skill level 17 in Axes
 21450 | Lair:5   | Found a blossoming altar of Fedhas.
 22329 | Lair:5   | Found a runed translucent door.
 22329 | Lair:5   | Noticed a fire dragon
 22397 | Lair:5   | Reached skill level 15 in Ranged Weapons
 22493 | Lair:5   | Reached XP level 14. HP: 127/127 MP: 13/13
 23882 | D:11     | Noticed Harold
 23895 | D:11     | Killed Harold
 24289 | D:12     | Found a staircase to the Orcish Mines.
 24304 | Orc:1    | Entered Level 1 of the Orcish Mines
 24315 | Orc:1    | Noticed an orc warlord
 24452 | Orc:1    | Killed an orc warlord
 24599 | Orc:1    | Noticed Urug
 24617 | Orc:1    | Killed Urug
 25347 | Orc:2    | Entered Level 2 of the Orcish Mines
 25371 | Orc:2    | Noticed Azrael
 25386 | Orc:2    | Killed Azrael
 25487 | Orc:2    | Noticed Saint Roka
 27878 | Orc:2    | Reached skill level 18 in Axes
 27886 | Orc:2    | Killed Saint Roka
 30540 | Orc:2    | Found a staircase to the Elven Halls.
 30818 | Orc:2    | Found a runed translucent door.
 30818 | Orc:2    | Found a shimmering altar of Xom.
 30818 | Orc:2    | Noticed kaesle's ghost (journeyman HOFi)
 30819 | Orc:2    | Identified the +1 flail of Debt {chaos, MP+9 Dex+5}
 30840 | Orc:2    | Killed kaesle's ghost
 31037 | Orc:2    | Found Ughitiwai's Distillery.
 31037 | Orc:2    | Found Foczij's Armour Boutique.
 31039 | Orc:2    | Found Kacudeigg's Antique Weapon Shop.
 31041 | Orc:2    | Found Legumu's General Store.
 31045 | Orc:2    | Bought a potion of curing for 36 gold pieces
 31045 | Orc:2    | Bought a potion of heal wounds for 60 gold pieces
 31045 | Orc:2    | Bought a potion of invisibility for 96 gold pieces
 31045 | Orc:2    | Bought a potion of haste for 120 gold pieces
 31045 | Orc:2    | Bought a potion of haste for 120 gold pieces
 31058 | Orc:2    | Bought a runed battleaxe for 190 gold pieces
 31058 | Orc:2    | Bought a polished war axe for 170 gold pieces
 31058 | Orc:2    | Identified the +6 war axe "Kagopn" {flame, Str+4} (You
                  | bought it in a shop on level 2 of the Orcish Mines)
 31472 | D:12     | Found a transporter.
 31473 | D:12     | Noticed bnorton916's ghost (journeyman DECj)
 32148 | D:12     | Found a transporter.
 32804 | D:13     | Found a shimmering blue altar of Sif Muna.
 32917 | D:13     | Found Cyecity's Jewellery Shop.
 33108 | D:13     | Reached skill level 1 in Throwing
 33879 | D:13     | Found a gate to the Vaults.
 34936 | D:14     | Reached XP level 15. HP: 54/137 MP: 14/14
 35374 | D:14     | Noticed Jorgrun
 35381 | D:14     | Killed Jorgrun
 35764 | D:14     | Found a basalt altar of Yredelemnul.
 35865 | D:14     | Reached skill level 10 in Armour
 36313 | D:15     | Entered Level 15 of the Dungeon
 38465 | D:15     | Found a staircase to the Depths.
 38630 | Elf:1    | Entered Level 1 of the Elven Halls
 38907 | Elf:1    | Found Janliun's CLEARANCE SALE!.
 38919 | Elf:1    | Bought a +0 pair of gloves for 22 gold pieces
 39469 | Elf:1    | Identified the +9 falchion "Daoffikh" {drain, MP+9 Dex+3}
 39580 | Elf:1    | Reached skill level 5 in Throwing
 39646 | Elf:1    | Found Pemuahant's Book Shoppe.
 39646 | Elf:1    | Found Cipnum's Jewellery Shop.
 39648 | Elf:1    | Found Deureiw's Book Shoppe.
 39656 | Elf:1    | Bought an amulet of regeneration for 480 gold pieces
 39809 | Elf:1    | Reached XP level 16. HP: 125/147 MP: 15/15
 40446 | Elf:1    | Reached skill level 19 in Axes
 40766 | Elf:2    | Reached skill level 15 in Fighting
 40853 | Elf:2    | Found Ofeiwen's Assorted Antiques.
 42360 | Elf:2    | Found a runed translucent gate.
 42360 | Elf:2    | Found a runed translucent gate.
 42360 | Elf:2    | Found a runed translucent gate.
 42473 | Elf:3    | Entered Level 3 of the Elven Halls
 43901 | Elf:2    | Found a shimmering blue altar of Sif Muna.
 44782 | Elf:3    | Paralysed by an air elemental for 1 turns
 44785 | Elf:3    | Paralysed by an air elemental for 1 turns
 45768 | Snake:1  | Entered Level 1 of the Snake Pit
 47396 | Snake:1  | Reached XP level 17. HP: 155/158 MP: 7/16
 49172 | Snake:2  | Reached skill level 15 in Armour
 50089 | Snake:2  | Found Feugru's Distillery.
 50187 | Snake:2  | Bought a potion of cancellation for 128 gold pieces
 50325 | Snake:2  | Found Joqocowk's Jewellery Emporium.
 50518 | Snake:2  | Reached ***** piety under Trog
 50638 | Snake:3  | Found a white marble altar of Elyvilon.
 50658 | Snake:3  | Reached skill level 20 in Axes
 51980 | Snake:3  | Noticed Aizul
 51993 | Snake:3  | Killed Aizul
 52532 | Snake:4  | Entered Level 4 of the Snake Pit
 52577 | Snake:4  | Reached skill level 5 in Stealth
 53277 | Snake:4  | Gained mutation: You have a pair of large horns on your
                  | head. [potion of mutation]
 53277 | Snake:4  | Gained mutation: Your mind is acute. (Int +4, Str/Dex -1)
                  | [potion of mutation]
 53278 | Snake:4  | Lost mutation: Your mind is acute. (Int +4, Str/Dex -1)
                  | [potion of mutation]
 53278 | Snake:4  | Lost mutation: You have a pair of large horns on your head.
                  | [potion of mutation]
 53278 | Snake:4  | Gained mutation: Your flesh is cold resistant. (rC+)
                  | [potion of mutation]
 53278 | Snake:4  | Gained mutation: You occasionally lose the ability to read
                  | scrolls when taking damage. [potion of mutation]
 53278 | Snake:4  | Lost mutation: You occasionally lose the ability to read
                  | scrolls when taking damage. [potion of mutation]
 53279 | Snake:4  | Lost mutation: Your flesh is cold resistant. (rC+) [potion
                  | of mutation]
 53279 | Snake:4  | Gained mutation: You are weak. (Str -2) [potion of
                  | mutation]
 53280 | Snake:4  | Lost mutation: You are weak. (Str -2) [potion of mutation]
 53280 | Snake:4  | Gained mutation: You are weak. (Str -2) [potion of
                  | mutation]
 53280 | Snake:4  | Gained mutation: Potions are less effective at restoring
                  | your health. [potion of mutation]
 53280 | Snake:4  | Lost mutation: You are weak. (Str -2) [potion of mutation]
 53281 | Snake:4  | Lost mutation: Potions are less effective at restoring your
                  | health. [potion of mutation]
 53281 | Snake:4  | Gained mutation: You are occasionally teleported next to
                  | monsters. [potion of mutation]
 53281 | Snake:4  | Gained mutation: You possess an exceptional clarity of
                  | mind. [potion of mutation]
 53723 | D:1      | Bought a potion of mutation for 104 gold pieces
 53723 | D:1      | Bought a potion of mutation for 104 gold pieces
 53723 | D:1      | Lost mutation: You possess an exceptional clarity of mind.
                  | [potion of mutation]
 53723 | D:1      | Lost mutation: You are occasionally teleported next to
                  | monsters. [potion of mutation]
 53723 | D:1      | Gained mutation: You are frail. (-10% HP) [potion of
                  | mutation]
 53723 | D:1      | Gained mutation: Your flesh is cold resistant. (rC+)
                  | [potion of mutation]
 53724 | D:1      | Lost mutation: You are frail. (-10% HP) [potion of
                  | mutation]
 53724 | D:1      | Lost mutation: Your flesh is cold resistant. (rC+) [potion
                  | of mutation]
 53724 | D:1      | Gained mutation: Your mind is acute. (Int +4, Str/Dex -1)
                  | [potion of mutation]
 53724 | D:1      | Gained mutation: You are strong-willed. (Will+) [potion of
                  | mutation]
 55735 | Snake:4  | Found a shimmering altar of Xom.
 57047 | Snake:4  | Reached XP level 18. HP: 156/168 MP: 17/17
 59685 | Snake:4  | Identified the +10 battleaxe "Xucenes" {heavy, Contam rElec
                  | rC+ Stlth+} (Trog gifted it to you on level 4 of the Snake
                  | Pit)
 59685 | Snake:4  | Received a gift from Trog
 59686 | Snake:4  | Reached skill level 5 in Dodging
 59987 | Snake:4  | Got a serpentine rune of Zot
 60496 | Shoals:1 | Entered Level 1 of the Shoals
 61330 | Shoals:1 | Found a runed translucent gate.
 61335 | Shoals:1 | Found a runed translucent gate.
 61591 | Shoals:1 | Found a runed translucent gate.
 61595 | Shoals:1 | Noticed turdburglar's ghost (adept MiFi)
 61747 | Shoals:1 | Demolished by a faun

Illustrated notes

Levels and vault maps discovered:
D:1:      minmay_arrival_doors, layout_basic, serial_shops, shop, shop,
          nicolae_shop_real_fake_doors
D:2:      layout_basic
D:3:      layout_basic, serial_shops, shop, shapermc_ecumenical_altar_ellora,
          mrwooster_statue_mirror, uniq_jessica
D:4:      layout_basic, vehumet_statue, minmay_temple_entry_mini_moons,
          uniq_grinder
D:5:      layout_basic, uniq_duvessa
D:6:      layout_basic, mainiacjoe_overflow_24_doors,
          nicolae_overflow_hidden_temple, serial_shops, shop_coins,
          supply_closet_lemuel, hangedman_decor_growths,
          hangedman_decor_diamond_cutter, hangedman_abyss_or_decor_stabs
D:7:      layout_gridville, kennysheep_mini, ebering_ghost_gozag,
          kennysheep_generic_room_13, uniq_joseph
D:8:      layout_rooms, nicolae_dithmenos_the_darkroom, uniq_psyche
D:9:      layout_basic, serial_shops, nicolae_stop_n_shop_2
D:10:     layout_gridville, dpeg_oklobed_lair, uniq_erolcha
D:11:     layout_basic, dk_noncrumbling_3, uniq_harold
D:12:     layout_irregular_city, orc_0_dummy, gammafunk_ghost_berserking_beasts
D:13:     layout_layer_cave, david_vaults_4, serial_shops,
          nicolae_shop_behind_doors, minmay_hedge_maze,
          nicolae_sif_muna_little_library
D:14:     layout_stronghold, lemuel_coloured_pillars_altar,
          minmay_fractal_squares_diagonal_5, uniq_jorgrun
D:15:     grunt_enter_depths_snipers, layout_gridville, minmay_fountain_box
Lair:1:   layout_cellular_growth, nicolae_quartered_pool_medium,
          pdpol_lair_neglected_garden, grunt_megastairs_3,
          infiniplex_staircase_pool
Lair:2:   layout_chaotic_city, minmay_shoals_entry_centaurs,
          infiniplex_staircase_pool_2, grunt_megastairs_4
Lair:3:   nzn_winding_woodlands_three_and_one
          [nzn_winding_woodlands_5x15_garden, nzn_winding_woodlands_5x15_pool,
          nzn_winding_woodlands_5x15_lazy_stream,
          nzn_winding_woodlands_center_triple_pond], layout_small_grid,
          dummy_snake_entry
Lair:4:   layout_gridlike, minmay_slime_entry_oklob_open, columned_hall_lemuel,
          grunt_forest_stairs_basic, grunt_megastairs_2
Lair:5:   wormcave, layout_gridlike, tgw_fedhas
Shoals:1: layout_shoals, gammafunk_ghost_tricky_traps,
          nicolae_shoals_enchanted_isle
Snake:1:  layout_grid_maze, nicolae_snake_coiling_death, grunt_megastairs_5
Snake:2:  layout_cave_town, serial_shops, nicolae_shop_industrial_runoff,
          nicolae_shop_gaudy_bauble, grunt_megastairs_1
Snake:3:  layout_layer_cave, basic_altar, uniq_aizul
Snake:4:  minmay_snake_end_coiled, layout_chambers, basic_altar
Orc:1:    layout_caves, uniq_urug
Orc:2:    st_orc_rangers, layout_caves, ebering_ghost_xom, uniq_azrael,
          uniq_saint_roka
Elf:1:    elf_arrival_001, layout_loops_cross,
          hangedman_elven_crosses_minicolossus, nicolae_shop_clearance,
          minmay_shop_grove
Elf:2:    nicolae_elf_blades_splatter_lattice [nooodl_blade_entry_preview],
          layout_gridlike, serial_glass, glass_columns_b, glass_columns_a,
          serial_shops, nicolae_shop_crystal, lemuel_upstairs_altar
Elf:3:    elf_hall_gauntlet_narrow, layout_onion_city

Skill      XL: |  1  2  3  4  5  6  7  8  9 10 11 12 13 14 15 16 17 18 |
---------------+-------------------------------------------------------+-----
Axes           | 4 5 6 7 9 11 13 14 16 17 18 19 20 | 20.0
Fighting       | 4 5 7 8 9 10 11 12 13 14 15 16 17 | 17.1
Stealth        | 1 2 3 4 5 6 |  6.4
Ranged Weapons | 1 2 3 6 8 10 12 13 15 16 17 18 | 18.0
Evocations     | 3 5 6 7 8 |  8.8
Armour         | 4 6 9 12 14 16 17 | 17.4
Throwing       | 2 5 7 8 |  8.0
Dodging        | 4 5 |  5.7

Action                     |  1- 3 |  4- 6 |  7- 9 | 10-12 | 13-15 | 16-18 || total
---------------------------+-------+-------+-------+-------+-------+-------++-------
  Melee: Hand axe          |    64 |    78 |    13 |       |       |       ||   155
         Short sword       |     8 |       |       |       |       |       ||     8
         Headbutt          |     9 |    15 |    25 |    81 |   234 |    84 ||   448
         Punch             |       |     1 |     1 |     1 |    17 |       ||    20
         Trident           |       |       |    30 |       |       |       ||    30
         Broad axe         |       |       |   125 |   397 |   638 |       ||  1160
         Whip              |       |       |       |       |    11 |       ||    11
         Battleaxe         |       |       |       |       |   234 |   574 ||   808
         War axe           |       |       |       |       |     2 |       ||     2
   Fire: Sling             |       |    50 |    13 |       |       |       ||    63
         Longbow           |       |       |    36 |   132 |   430 |   472 ||  1070
  Throw: Stone             |     1 |       |       |       |       |       ||     1
         Dart              |       |     5 |     2 |     5 |     8 |     7 ||    27
         Javelin           |       |     4 |     3 |       |       |       ||     7
         Boomerang         |       |     4 |       |       |       |    17 ||    21
 Invoke: Berserk           |     1 |     4 |     8 |     8 |    22 |    14 ||    57
         Trog's Hand       |       |     4 |     7 |    10 |    39 |    26 ||    86
  Evoke: Wand              |       |       |     3 |     7 |     2 |     7 ||    19
         Tin of tremorston |       |       |       |       |     5 |     3 ||     8
         Phantom mirror    |       |       |       |       |     1 |       ||     1
    Use: Scroll            |     5 |     4 |     5 |    11 |    10 |    11 ||    46
         Potion            |       |       |       |       |     9 |    10 ||    19
   Stab: Distracted        |       |       |       |       |     2 |     1 ||     3
 Armour: Animal skin       |     8 |       |       |       |       |       ||     8
         Ring mail         |    12 |    18 |       |       |       |       ||    30
         Chain mail        |       |     4 |    53 |       |       |       ||    57
         Gold dragon scale |       |       |    55 |   215 |   480 |   464 ||  1214
  Dodge: Dodged            |    39 |    68 |   177 |   210 |   404 |   402 ||  1300
  Block: Other             |       |       |       |       |       |   153 ||   153
         Reflection        |       |       |       |       |       |    34 ||    34
